 Dungeon Crawl Stone Soup version 0.23.2-40-g277498a001 (webtiles) character file.

Game seed: 3889265271248530836

13517 FishyPogo the Transmogrifier (level 12, -1/94 HPs)
             Began as a Naga Transmuter on Sept 29, 2019.
             Was a Priest of Hepliaklqana.
             Slain by a manticore (26 damage)
             ... on level 11 of the Dungeon.
             The game lasted 01:34:27 (13210 turns).

FishyPogo the Transmogrifier (Naga Transmuter)     Turns: 13210, Time: 01:34:28

Health: -1/94      AC:  2    Str: 12    XL:     12   Next: 6%
Magic:  14/17      EV: 22    Int: 18    God:    Hepliaklqana [***...]
Gold:   599        SH:  2    Dex: 18    Spells: 3/15 levels left

rFire    . . .     SeeInvis +     - Unarmed
rCold    . . .     Gourm    .   (shield currently unavailable)
rNeg     . . .     Faith    .   (armour currently unavailable)
rPois    x         Spirit   .   (helmet currently unavailable)
rElec    .         Reflect  +   (cloak currently unavailable)
rCorr    .         Harm     .   (gloves currently unavailable)
MR       +....                  (no barding)
Stlth    +++++.....             E - +2 amulet of reflection
HPRegen  0.25/turn              j - ring of flight
MPRegen  0.15/turn              b - ring of stealth

@: spider-form, barbed spikes
A: tiny, reduced essence, see invisible, slow metabolism 1, spit poison 1, AC +4
a: Spit Poison, End Transformation, Recall Ancestor, Ancestor Identity,
Transference, Renounce Religion, Evoke Flight


You were on level 11 of the Dungeon.
You worshipped Hepliaklqana.
Hepliaklqana was most pleased with you.
You were not hungry.
You were a venomous arachnid creature.
You visited 2 branches of the dungeon, and saw 12 of its levels.

You collected 599 gold pieces.

Inventory:

Missiles
 c - 337 stones (quivered)
 v - 126 arrows
 B - 6 tomahawks
 K - 2 throwing nets
Armour
 k - a +0 pair of gloves (melded)
 n - a +0 robe
 r - a +1 ring mail of cold resistance
 N - a +0 robe of resistance (melded)
Magical Staves
 a - an uncursed staff of energy (melded)
Jewellery
 b - a ring of stealth (right front leg)
 j - a ring of flight (left front leg)
 E - a +2 amulet of reflection (around neck)
 O - an uncursed amulet of harm
Wands
 w - a wand of scattershot (8)
 y - a wand of enslavement (13)
 A - a wand of disintegration (22)
 D - a wand of random effects (20)
 G - a wand of clouds (7)
 J - a wand of paralysis (13)
 S - a wand of flame (11)
Scrolls
 e - 7 scrolls of identify
 g - 6 scrolls of teleportation
 i - 4 scrolls of enchant armour {unknown}
 l - 2 scrolls of magic mapping {unknown}
 o - 2 scrolls of blinking {unknown}
 q - a scroll of remove curse
 s - 3 scrolls of immolation {unknown}
 t - a scroll of enchant weapon {unknown}
 u - 2 scrolls of noise {unknown}
 z - a scroll of summoning {unknown}
 C - 2 scrolls of fog
 F - 4 scrolls of amnesia
 I - 2 scrolls of fear {unknown}
 L - a scroll of torment
Potions
 f - 3 potions of might
 h - 2 potions of flight
 m - 4 potions of lignification
 p - 3 potions of curing
 x - 2 potions of agility
 H - a potion of degeneration
 M - a potion of ambrosia {unknown}
 P - a potion of mutation {unknown}
 Q - a potion of magic {unknown}
 T - a potion of haste
Comestibles
 d - 20 rations
 R - 3 chunks of flesh


   Skills:
 - Level 6.0 Fighting
 - Level 4.1 Dodging
 + Level 8.3 Stealth
 + Level 8.2 Unarmed Combat
 - Level 2.0 Spellcasting
 * Level 5.3 Necromancy
 + Level 9.8 Transmutations
 - Level 6.1 Poison Magic
 + Level 5.8 Invocations
 + Level 6.9 Evocations


You had 3 spell levels left.
You knew the following spells:

 Your Spells              Type           Power        Failure   Level  Hunger
a - Animate Dead          Necr           N/A          41%         4    #####..
c - Passwall              Tmut/Erth      ###.....     12%         2    ###....
d - Beastly Appendage     Tmut           #####.       2%          1    #......
e - Spider Form           Tmut/Pois      ####......   8%          3    ###....
f - Sticks to Snakes      Tmut           #####...     3%          2    ###....

Your spell library contained the following spells:

 Spells                   Type           Power        Failure   Level  Hunger
 Animate Skeleton         Necr           N/A          8%          1    #......
 Pain                     Necr           ###.         8%          1    #......
 Vampiric Draining        Necr           ###.......   17%         3    ###....
 Poisonous Vapours        Pois/Air       ##....       21%         2    ###....
 Sandblast                Erth           #.....       38%         1    #......
 Regeneration             Chrm/Necr      ##........   38%         3    ###....
 Mephitic Cloud           Conj/Pois/Air  #.......     45%         3    ###....
 Conjure Flame            Conj/Fire      #.......     69%         3    ###....
 Stone Arrow              Conj/Erth      #.....       69%         3    ###....
 Blade Hands              Tmut           #####.....   22%         5    ######.
 Ice Form                 Ice/Tmut       ###.....     45%         4    #####..
 Petrify                  Tmut/Erth      ###.....     45%         4    #####..
 Lee's Rapid Deconstruct  Erth           #.........   100%        5    ######.
 Freezing Cloud           Conj/Ice/Air   #.........   100%        6    #######
 Ring of Flames           Chrm/Fire      #.........   100%        7    #######


Dungeon Overview and Level Annotations

Branches:
Dungeon (11/15)            Temple (1/1) D:4            Lair (0/6) D:9
    Orc (0/2) D:11

Altars:
Ashenzari
Cheibriados
Dithmenos
Elyvilon
Fedhas
Gozag
Hepliaklqana
Kikubaaqudgha
Makhleb
Nemelex Xobeh
Okawaru
Qazlal
Ru
Sif Muna
Trog
Uskayaw
Vehumet
Wu Jian
Xom
Yredelemnul
Zin
The Shining One

Shops:
D:10 %

Annotations:
D:6 Sigmund
D:9 1 exclusion


Innate Abilities, Weirdness & Mutations

You cannot wear boots.
((Your serpentine skin is tough. (AC +4)))
You have supernaturally acute eyesight. (SInv)
((Armour fits poorly on your strangely shaped body.))
((Your system is resistant to poisons. (rPois)))
((You cover ground very slowly.))
You have a slow metabolism.
You can spit poison.
Your life essence is reduced to manifest your ancestor. (-10% HP)


Message History

The unseen horror misses you.
The unseen horror completely misses you.
Ahmed points at the unseen horror and mumbles some strange words.
The puff of frost hits the unseen horror!
The unseen horror dies!
A manticore comes into view.
The manticore flicks its tail.
The volley of spikes hits you!
The barbed spikes become lodged in your body.
Ahmed points at the manticore and mumbles some strange words.
The puff of frost hits the manticore!
You hit the manticore.
The manticore is poisoned.
The manticore is lightly wounded.
The manticore misses you. The manticore claws you! x2
* * * LOW HITPOINT WARNING * * *
Ahmed hits the manticore but does no damage.
You hit the manticore.
The manticore is lightly wounded.
The manticore bites you!!
You die...

.#...####............(...
.........................
........(..............#
.....##........##......#
...R##.#.......#.......#
..........#.#....###.#...
.....##..#####......##...
...R..##.......#.R......
...R............sH.....#
...R...................#
..................###.##
..................#...#
...#.................#
..###...R............#
..####..R............##
............#.....#...#
#........##.##........##


You could see the friendly Ahmed the battlemage and a manticore.

Vanquished Creatures
  Harold (D:8)
  Pikel (D:4)
  2 hippogriffs
  A wyvern (D:9)
  A hungry ghost (D:9)
  9 yaks
  A vampire mosquito (D:10)
  3 hogs (D:9)
  A human (D:9)
  7 wargs
  3 orc warriors
  3 ice beasts
  4 slaves (D:4)
  2 ogres
  2 phantoms
  2 centaurs
  A big kobold (D:11)
  2 bullfrogs
  A wyvern skeleton (D:8)
  A scorpion (D:11)
  A killer bee (D:7)
  A howler monkey (D:6)
  A wight (D:6)
  3 crimson imps
  A bullfrog zombie (D:7)
  A quasit (D:7)
  4 hounds
  4 orc priests
  2 jellies
  3 orc wizards
  2 bullfrog skeletons
  Jessica (D:2)
  A centaur skeleton (D:6)
  3 iguanas
  4 worker ants
  A hound zombie (D:5)
  3 adders
  A shadow imp (D:11)
  An ooze (D:1)
  2 worms
  3 dart slugs
  2 leopard geckos
  27 orcs
  2 ball pythons
  10 bats
  4 giant cockroaches (D:3)
  4 goblins
  8 hobgoblins
  4 jackals (D:1)
  11 kobolds
  A quokka (D:6)
  7 frilled lizards
  11 rats
182 creatures vanquished.

Vanquished Creatures (collateral kills)
  An unseen horror (D:11)
  A wyvern (D:11)
  2 hungry ghosts
  12 yaks
  2 vampire mosquitoes
  11 wargs
  A water moccasin (D:6)
  2 ice beasts (D:9)
  A necrophage (D:8)
  2 orc warriors (D:10)
  A black bear (D:8)
  3 ogres
  2 phantoms
  A sky beast (D:5)
  2 centaurs
  2 bullfrogs
  2 scorpions
  A wyvern skeleton (D:7)
  4 killer bees
  3 wights (D:6)
  A crimson imp (D:11)
  A centaur zombie (D:6)
  A hound (D:6)
  2 orc wizards
  6 worker ants
  A killer bee zombie (D:7)
  A hound zombie (D:5)
  A hound skeleton (D:9)
  2 worker ant zombies
  A howler monkey zombie (D:8)
  7 adders
  A shadow imp (D:9)
  An ooze (D:5)
  A dart slug (D:4)
  13 orcs
  3 kobolds (D:11)
  3 quokkas
  A giant cockroach zombie (D:5)
  A leopard gecko zombie (D:6)
104 creatures vanquished.

Vanquished Creatures (others)
  4 battlemagi
  6 ancestors
  A plant (D:9)
11 creatures vanquished.

Grand Total: 297 creatures vanquished

Notes
Turn   | Place    | Note
-------+----------+-------------------------------------------
     0 | D:1      | FishyPogo the Naga Transmuter began the quest for the Orb.
     0 | D:1      | Reached XP level 1. HP: 18/18 MP: 3/3
    89 | D:1      | Reached XP level 2. HP: 23/25 MP: 5/5
   538 | D:1      | Reached XP level 3. HP: 30/31 MP: 4/6
   768 | D:1      | Learned a level 3 spell: Spider Form
  1525 | D:2      | Noticed Jessica
  1532 | D:2      | Killed Jessica
  1532 | D:2      | Reached skill level 3 in Transmutations
  1532 | D:2      | Reached skill level 1 in Poison Magic
  1532 | D:2      | Reached XP level 4. HP: 37/39 MP: 5/7
  2605 | D:3      | Reached XP level 5. HP: 43/45 MP: 8/8
  2805 | D:3      | Found a sacrificial altar of Ru.
  2805 | D:3      | Found a blossoming altar of Fedhas.
  3113 | D:4      | Reached XP level 6. HP: 50/54 MP: 9/9
  3158 | D:4      | Noticed a slave
  3158 | D:4      | Noticed a slave
  3177 | D:4      | Killed a slave
  3183 | D:4      | Killed a slave
  3377 | D:4      | Noticed Pikel
  3382 | D:4      | Noticed a slave
  3387 | D:4      | Noticed a slave
  3400 | D:4      | Killed Pikel
  3400 | D:4      | Reached skill level 5 in Transmutations
  3400 | D:4      | Reached skill level 5 in Poison Magic
  3400 | D:4      | Reached XP level 7. HP: 25/62 MP: 10/10
  3935 | D:4      | Got a faintly humming chain mail
  3946 | D:4      | Identified the +2 chain mail of Plog {+Inv Dex+2} (You
                  | found it on level 4 of the Dungeon)
  4007 | D:4      | Found a staircase to the Ecumenical Temple.
  4024 | Temple   | Entered the Ecumenical Temple
  4127 | Temple   | Became a worshipper of Hepliaklqana the Forgotten
  4302 | D:5      | Entered Level 5 of the Dungeon
  4481 | D:5      | Reached XP level 8. HP: 15/62 MP: 11/11
  4727 | D:5      | Reached skill level 1 in Evocations
  4880 | D:5      | Reached * piety under Hepliaklqana
  5620 | D:6      | Reached skill level 6 in Transmutations
  5659 | D:6      | Reached skill level 5 in Unarmed Combat
  5764 | D:6      | Noticed Sigmund
  6046 | D:6      | Learned a level 2 spell: Sticks to Snakes
  6079 | D:6      | Reached XP level 9. HP: 53/71 MP: 12/12
  6407 | D:7      | Reached skill level 7 in Transmutations
  6432 | D:7      | You fall through a shaft for 2 floors!
  6581 | D:8      | Noticed Harold
  7132 | D:7      | Reached skill level 5 in Fighting
  7961 | D:8      | Learned a level 2 spell: Passwall
  8069 | D:8      | Found a shattered altar of Ashenzari.
  8069 | D:8      | Reached ** piety under Hepliaklqana
  8070 | D:8      | Remembered your ancestor Ahmed as a battlemage
  8235 | D:8      | Reached skill level 8 in Transmutations
  8345 | D:8      | Reached XP level 10. HP: 78/81 MP: 9/13
  8367 | D:8      | Reached skill level 1 in Stealth
  8379 | D:8      | Learned a level 4 spell: Animate Dead
  8489 | D:8      | Got an ichor-stained chain mail
  8496 | D:8      | Identified the cursed +0 chain mail of Panentheism {rElec
                  | rN+ Regen+ Stlth+} (You found it on level 8 of the Dungeon)
  8523 | D:8      | Reached skill level 1 in Invocations
  8695 | D:9      | Found a staircase to the Lair.
  8837 | D:9      | Reached skill level 1 in Necromancy
  9185 | D:8      | Found a shattered altar of Ashenzari.
  9216 | D:8      | Killed Harold
  9652 | D:8      | Reached skill level 5 in Evocations
  9985 | D:9      | Reached skill level 5 in Stealth
 10054 | D:9      | Reached skill level 9 in Transmutations
 10090 | D:9      | Reached XP level 11. HP: 84/87 MP: 11/15
 10334 | D:9      | Paralysed by a centaur for 7 turns
 10414 | D:9      | Found a burning altar of Makhleb.
 10766 | D:9      | Noticed an orc warlord
 10991 | D:10     | Entered Level 10 of the Dungeon
 11245 | D:10     | HP: 1/87 [yak (16)]
 11267 | D:10     | Reached skill level 5 in Invocations
 11530 | D:10     | Found Firuamur's Food Boutique.
 11755 | D:10     | Reached *** piety under Hepliaklqana
 12923 | D:11     | Found a bloodstained altar of Trog.
 12983 | D:11     | Reached skill level 5 in Necromancy
 13036 | D:11     | Found a staircase to the Orcish Mines.
 13073 | D:11     | Reached XP level 12. HP: 63/94 MP: 13/17
 13210 | D:11     | Slain by a manticore

Skill      XL: |  1  2  3  4  5  6  7  8  9 10 11 |
---------------+----------------------------------+-----
Dodging        | 2 3 4 |  4.1
Transmutations | 3 5 6 8 9 |  9.8
Poison Magic   | 1 2 3 5 6 |  6.1
Fighting       | 2 3 4 5 6 |  6.0
Unarmed Combat | 4 5 6 7 8 |  8.2
Evocations     | 2 4 5 6 |  6.9
Stealth        | 5 8 |  8.3
Invocations    | 3 5 |  5.8
Necromancy     | 3 5 |  5.3
Spellcasting   | |  2.0

Action                   |  1- 3 |  4- 6 |  7- 9 | 10-12 || total
-------------------------+-------+-------+-------+-------++-------
Melee: Unarmed           |    91 |   112 |   182 |   319 ||   704
       Headbutt          |    11 |     9 |     5 |     2 ||    27
       Punch             |       |     1 |     1 |       ||     2
       Staff             |       |       |    44 |     8 ||    52
       Mace              |       |       |    10 |       ||    10
Throw: Stone             |       |    16 |     1 |     1 ||    18
 Cast: Beastly Appendage |    19 |    20 |    17 |     4 ||    60
       Spider Form       |       |     4 |    44 |    57 ||   105
       Sticks to Snakes  |       |       |    21 |     1 ||    22
       Passwall          |       |       |       |     8 ||     8
Invok: Ancestor Identity |       |       |     1 |       ||     1
       Recall Ancestor   |       |       |     3 |     8 ||    11
       Ancestor Life: Ba |       |       |     1 |       ||     1
       Transference      |       |       |       |     1 ||     1
 Abil: Spit Poison       |    34 |    32 |    16 |    25 ||   107
       End Transformatio |       |       |       |     2 ||     2
Evoke: Wand              |       |       |       |     2 ||     2
  Use: Potion            |       |     1 |     4 |     6 ||    11
       Scroll            |       |       |     7 |     6 ||    13
 Stab: Distracted        |       |       |     2 |     4 ||     6
       Sleeping          |       |       |     3 |     3 ||     6
  Eat: Chunk             |     4 |     7 |    13 |    12 ||    36
       Ration            |       |       |     2 |     1 ||     3
Armor: Robe              |    26 |    12 |     4 |    14 ||    56
       Skin              |       |       |    25 |    15 ||    40
Dodge: Dodged            |    56 |    61 |   199 |   309 ||   625
Block: Other             |       |       |     9 |    22 ||    31
       Reflection        |       |       |     1 |     2 ||     3
